AoeStats
← csknahmet27

African Clearing

510338253Analyzed
4v4 RM · 1d ago on Sep 30, 2026· 38m 14s· 8 players
Game mode
Random Map
Map size
Large (8 player)
Population
200
Speed
Normal
Resources
Standard
Victory
Conquest
Starting age
Dark Age
Ending age
Imperial Age
RankedLock teamsTeams togetherTeam positionsShared explorationLock speedFull tech treeHidden civsTurbo modeCheats
Victory
Defeat
🇹🇼 Koreans · Taiwan
1601
+13
🇦🇷 Japanese · Argentina
1569
+14
🇹🇼 Mapuche · Taiwan
1561
+14
🇧🇷 Huns · Brazil
1494
+17
🇦🇷 Varangians · Argentina
1549
-16
🇺🇸 Saxons · United States
1547
-15
🇲🇽 Georgians · Mexico
1510
-14
🇹🇷 Koreans · Türkiye
1498
-13
robecha18
3:12 Loom
13:18 Feudal Age
14:07 Double-Bit Axe
18:58 Castle Age
18:54 Scale Barding Armor
33:43 Bloodlines
35:09 Forging
Dwarf king
6:24 Loom
12:56 Feudal Age
13:29 Double-Bit Axe
20:29 Fletching
23:45 Fishing Lines
27:59 Castle Age
28:47 Bodkin Arrow
30:14 Guard Tower
31:04 Murder Holes
32:12 Ballistics
33:44 Treadmill Crane
35:26 Stone Mining
Konigs
9:21 Loom
11:07 Feudal Age
12:03 Double-Bit Axe
12:42 Horse Collar
15:25 Town Watch
15:48 Scale Barding Armor
16:58 Forging
17:06 Bloodlines
20:36 Wheelbarrow
24:47 Castle Age
26:26 Hand Cart
25:47 Light Cavalry
26:56 Bow Saw
28:42 Husbandry
31:04 Iron Casting
31:20 Chain Barding Armor
34:30 Heavy Plow
35:35 Fletching
37:16 Ballistics
csknahmet27
3:02 Loom
12:11 Feudal Age
19:36 Castle Age
18:28 Double-Bit Axe
20:13 Fletching
23:41 Bodkin Arrow
25:11 Ballistics
Emily001
6:45 Loom
12:38 Feudal Age
13:44 Double-Bit Axe
20:52 Castle Age
19:55 Forging
20:31 Scale Mail Armor
24:50 Bow Saw
25:48 Horse Collar
28:15 Fletching
29:39 Wheelbarrow
34:14 Town Watch
36:20 Bodkin Arrow
咖啡冷靜啲
10:08 Loom
12:43 Feudal Age
15:04 Double-Bit Axe
17:39 Castle Age
15:43 Gold Mining
17:10 Fletching
20:30 Bow Saw
22:57 Horse Collar
28:36 Bodkin Arrow
32:08 Wheelbarrow
39:03 Imperial Age
37:41 Hand Cart
37:11 Town Watch
amtiky
11:39 Loom
13:44 Feudal Age
15:04 Double-Bit Axe
17:22 Castle Age
16:55 Fishing Lines
19:14 Fletching
19:39 Bow Saw
21:30 Bodkin Arrow
22:26 Gillnets
22:56 Padded Archer Armor
24:04 Horse Collar
27:06 Heavy Plow
26:59 Gold Mining
29:13 Wheelbarrow
29:03 Husbandry
30:21 Bloodlines
31:41 Gold Shaft Mining
31:45 Ballistics
31:17 Stone Mining
31:59 Leather Archer Armor
32:22 Thumb Ring
34:19 Hand Cart
37:56 Imperial Age
37:44 Yasama
38:46 Bracer
39:49 Chemistry
39:50 Two-Man Saw
39:18 Parthian Tactics
Mr Diniz
8:26 Loom
10:54 Feudal Age
11:36 Double-Bit Axe
11:49 Horse Collar
16:15 Wheelbarrow
16:51 Town Watch
20:49 Castle Age
19:20 Fletching
20:16 Bloodlines
21:28 Bodkin Arrow
21:45 Bow Saw
23:11 Padded Archer Armor
25:29 Leather Archer Armor
27:19 Heavy Plow
28:06 Husbandry
29:17 Stone Mining
30:36 Gold Mining
34:27 Imperial Age
32:52 Marauders
34:06 Hand Cart
34:20 Scale Barding Armor
35:32 Chain Barding Armor
36:01 Conscription
36:53 Plate Barding Armor
36:43 Forging
38:58 Gold Shaft Mining
39:24 Two-Man Saw
Connection lost

Rejoining the realm…

Still unreachable

The connection could not be restored.

Session expired

The server has moved on; the page needs a fresh start.